 Dungeon Crawl Stone Soup version 0.21.1-1-g345015f (webtiles) character file.

3926 Monsterracer the Grappler (level 10, -5/90 HPs)
             Began as a Ghoul Monk on June 13, 2018.
             Was a Believer of Ru.
             Slain by an orc knight
             ... wielding a +0 battleaxe
              (7 damage)
             ... in a bailey.
             The game lasted 00:16:56 (8062 turns).

Monsterracer the Grappler (Ghoul Monk)              Turns: 8062, Time: 00:16:56

Health: -5/90      AC:  4    Str: 19    XL:     10   Next: 20%
Magic:  7/8        EV: 14    Int:  5    God:    Ru [**....]
Gold:   610        SH:  0    Dex: 11    Spells: 9/9 levels left

rFire    + . .     SeeInvis .     - Unarmed
rCold    + . .     Gourm    .   (no shield)
rNeg     + + +     Faith    .   (no armour)
rPois    ∞         Spirit   .   (no helmet)
rElec    .         Reflect  .   (no cloak)
rCorr    .         Harm     .   a - +2 pair of gloves
MR       .....                  v - +0 pair of boots
Stlth    ++........             i - amulet of regeneration
HPRegen  0.00/turn              e - ring of flight
MPRegen  0.11/turn              f - ring of protection from fire {!d}

@: flying, rotting
A: rotting body, claws 1, carnivore, cold resistance 1, low mp 1, negative
energy resistance 3, inhibited regeneration, torment resistance, unbreathing,
hated by all
a: Renounce Religion, Stop Flying


You were in a bailey.
You worshipped Ru.
Ru was pleased with you.
You were not hungry.

You visited 2 branches of the dungeon, and saw 8 of its levels.
You also visited: Bailey.

You collected 700 gold pieces.
You spent 90 gold pieces at shops.

Inventory:

Armour
 a - a +2 pair of gloves (worn)
 q - a +0 ring mail
 v - a +0 pair of boots (worn)
Jewellery
 e - a ring of flight (left hand)
 f - a ring of protection from fire (right hand) {!d}
 i - an amulet of regeneration (around neck)
 o - an uncursed ring of ice
Wands
 s - a wand of paralysis (4)
Scrolls
 j - 7 scrolls of teleportation
 l - 5 scrolls of remove curse
 m - 2 scrolls of magic mapping {!r}
 p - 2 scrolls of fear {!r}
 u - 3 scrolls of identify
Potions
 b - a potion of resistance
 d - 2 potions of curing
 h - a potion of agility
 k - a potion of invisibility
 n - 2 potions of heal wounds
 r - 2 potions of brilliance
Comestibles
 c - 18 rations
 g - 7 chunks of flesh


   Skills:
 + Level 8.4 Fighting
 + Level 5.5 Armour
 - Level 4.6 Dodging
 - Level 2.1 Stealth
 * Level 11.3 Unarmed Combat


You had 9 spell levels left.
You didn't know any spells.

Dungeon Overview and Level Annotations

Branches:
Dungeon (7/15)             Temple (1/1) D:5

Altars:
Ashenzari
Cheibriados
Dithmenos
Elyvilon
Fedhas
Gozag
Hepliaklqana
Kikubaaqudgha
Makhleb
Nemelex Xobeh
Okawaru
Qazlal
Ru
Sif Muna
Trog
Uskayaw
Vehumet
Wu Jian
Xom
Yredelemnul
Zin
The Shining One

Shops:
D:4 ?


Innate Abilities, Weirdness & Mutations

Your body is rotting away.
You thrive on raw meat.
You are immune to poison.
You have sharp fingernails.
You are carnivorous and can eat meat at any time.
Your flesh is cold resistant. (rC+)
Your magical capacity is low. (-10% MP)
You are immune to negative energy. (rN+++)
You do not regenerate when monsters are visible.
You are immune to unholy pain and torment.
You can survive without breathing.
You are hated by all.


Message History

You punch the gnoll!
You kill the gnoll!
Things that are here:
a hand axe; a runed leather armour; a gnoll corpse The kobold throws a tomahawk of returning.
The tomahawk of returning closely misses you.
You see here a tomahawk of returning.
The kobold throws a tomahawk of returning.
The tomahawk of returning hits you but does no damage.
The weapon returns to the kobold!
There is an open door here.
The kobold closely misses you.
Things that are here:
an enchanted hand axe; a leather armour You punch the kobold!
You kill the kobold!
The kobold throws a tomahawk of returning.
The tomahawk of returning misses you.
The weapon returns to the kobold!
The kobold misses you.
Things that are here:
a tomahawk of returning; a kobold corpse You pummel the kobold!!
You kill the kobold!
j - 7 scrolls of teleportation (gained 1)
You now have 610 gold pieces (gained 252).
You see here 3 tomahawks of returning.
You regained 2 hp, and now have 79/90 hp.
There isn't anything to butcher here.
Things that are here:
a tomahawk of returning; a kobold corpse You butcher the kobold corpse.
g - 7 chunks of flesh (gained 3)
Things that are here:
a tomahawk of returning; a kobold skeleton You regained 2 hp, and now have 81/90 hp.
Things that are here:
an enchanted hand axe; a leather armour
There is an open door here.
You see here a tomahawk of returning.
Things that are here:
a hand axe; a runed leather armour; a gnoll corpse You butcher the gnoll corpse.
g - 8 chunks of flesh (gained 1)
Things that are here:
a hand axe; a runed leather armour; a gnoll skeleton You see here a tomahawk of returning.
There is an open door here.
Things that are here:
an enchanted hand axe; a leather armour
Things that are here:
a tomahawk of returning; a kobold skeleton You see here 3 tomahawks of returning.
The orc knight shouts!
You hear a shout!
You barely miss the orc knight.
The orc knight hits you but does no damage.
You closely miss the orc knight. You barely miss the orc knight.
The orc knight hits you with a battleaxe!
You take 12 damage, and have 75/90 hp.
You hit the orc knight.
The orc knight is lightly wounded.
You feel your flesh rotting away.
You punch the orc knight!
The orc knight is lightly wounded.
The orc knight hits you with a battleaxe!!
You take 27 damage, and have 48/89 hp.
MASSIVE DAMAGE!!
You closely miss the orc knight. You punch the orc knight.
The orc knight is moderately wounded.
You closely miss the orc knight.
The orc knight is moderately wounded.
The orc knight hits you with a battleaxe.
You take 3 damage, and have 45/89 hp.
You punch the orc knight!
The orc knight is heavily wounded.
The orc knight closely misses you.
You barely miss the orc knight.
The orc knight is heavily wounded.
You hit the orc knight.
The orc knight is heavily wounded.
The orc knight hits you with a battleaxe!!
* * * LOW HITPOINT WARNING * * *
You take 27 damage, and have 18/89 hp.
MASSIVE DAMAGE!!
You see here 3 tomahawks of returning.
Things that are here:
a tomahawk of returning; a kobold skeleton Eat one of 8 chunks of flesh? (ye/n/q)
You eat one of the 8 chunks of flesh.
You feel more resilient.
This raw flesh tastes great!
The orc knight hits you with a battleaxe!!
* * * LOW HITPOINT WARNING * * *
You take 17 damage, and have 1/90 hp.
Things that are here:
an enchanted hand axe; a leather armour You fail to use your ability.
There is an open door here.
You see here a tomahawk of returning.
You feel very buoyant.
You fly up into the air.
You feel somewhat more hungry.
The orc knight hits you with a battleaxe!
You die...

≈≈≈≈#########≈≈≈≈≈......##
≈≈≈K#.gKggog#∩≈≈≈≈≈≈≈....#
≈####..ogKKo####.)≈≈≈≈≈≈≈≈≈#
K#.
####'####..#.....≈≈≈≈≈≈≈≈≈≈
#.
......g....###(.....#≈≈≈≈≈≈#
####'####K.'.#.....#########
#(.###.......#
#)g#....⌠.....
##'#@........#
...#########(.o).......##
........().)........####
########.#############
.#.#...#.# ........##
#########


You could see an orc knight.

Vanquished Creatures
  Pikel (D:4)
  A hornet (D:7)
  Sigmund (D:2)
  9 orc warriors
  A sky beast (D:5)
  3 slaves (D:5)
  A necrophage (D:6)
  4 centaurs
  A phantom (D:7)
  3 ogres
  A bullfrog (D:5)
  2 scorpions (D:6)
  4 wights
  A crimson imp (D:5)
  A centaur zombie (D:7)
  2 hounds
  A jelly (D:7)
  A gnoll shaman (D:5)
  A bullfrog skeleton (D:5)
  2 orc priests
  Ijyb (D:5)
  2 iguanas
  Natasha (thrice) (D:4)
  7 orc wizards
  2 worker ants (D:5)
  A hound zombie (D:5)
  A hound skeleton (D:2)
  A worker ant zombie (D:5)
  10 gnolls
  A howler monkey skeleton (D:5)
  12 adders
  A shadow imp (D:5)
  2 oozes
  An adder zombie (D:5)
  5 worms
  2 dart slugs
  5 leopard geckos
  33 orcs
  9 bats
  6 giant cockroaches
  12 goblins
  13 hobgoblins
  10 jackals
  A quokka (D:6)
  2 ball pythons
  2 frilled lizards
  17 kobolds
  A quokka skeleton (D:5)
  4 rats
208 creatures vanquished.

Notes
Turn   | Place    | Note
-------+----------+-------------------------------------------
     0 | D:1      | Monsterracer the Ghoul Monk began the quest for the Orb.
     0 | D:1      | Reached XP level 1. HP: 19/19 MP: 0/0
    17 | D:1      | HP: 9/19 [jackal (1)]
    23 | D:1      | Reached XP level 2. HP: 8/26 MP: 1/1
    25 | D:1      | HP: 6/26 [kobold (2)]
   462 | D:1      | Reached XP level 3. HP: 27/31 MP: 2/2
   539 | D:1      | Reached skill level 4 in Unarmed Combat
  1172 | D:1      | Reached XP level 4. HP: 40/40 MP: 3/3
  1795 | D:2      | HP: 20/40 [iguana (13)]
  1796 | D:2      | HP: 9/40 [iguana (11)]
  1798 | D:2      | Reached XP level 5. HP: 10/46 MP: 4/4
  2017 | D:2      | Reached skill level 5 in Unarmed Combat
  2216 | D:2      | Found a bloodstained altar of Trog.
  2238 | D:2      | Found an ancient bone altar of Kikubaaqudgha.
  2371 | D:2      | Noticed Sigmund
  2553 | D:2      | HP: 23/46 [Sigmund/scythe (11)]
  2558 | D:2      | Killed Sigmund
  2558 | D:2      | Reached XP level 6. HP: 17/53 MP: 5/5
  2868 | D:3      | Reached skill level 6 in Unarmed Combat
  3107 | D:3      | Found a sparkling altar of Nemelex Xobeh.
  3867 | D:4      | Found Nofeb's Magic Scroll Emporium.
  3872 | D:4      | Bought a scroll of teleportation for 30 gold pieces
  3872 | D:4      | Bought a scroll of teleportation for 30 gold pieces
  3872 | D:4      | Bought a scroll of remove curse for 30 gold pieces
  3907 | D:4      | Noticed Natasha
  3916 | D:4      | Killed Natasha
  3916 | D:4      | Reached skill level 5 in Fighting
  4005 | D:5      | Entered Level 5 of the Dungeon
  4012 | D:5      | Reached XP level 7. HP: 61/61 MP: 6/6
  4078 | D:5      | Noticed Pikel
  4107 | D:5      | HP: 28/61 [slave[Pikel] (4)]
  4196 | D:4      | HP: 27/61 [Pikel/whip of electrocution (9)]
  4200 | D:4      | HP: 12/61 [Pikel/whip of electrocution (5)]
  4255 | D:4      | HP: 9/61 [Pikel/whip of electrocution (7)]
  4263 | D:4      | Killed Pikel
  4263 | D:4      | Reached skill level 7 in Unarmed Combat
  4263 | D:4      | Reached XP level 8. HP: 10/70 MP: 7/7
  4717 | D:4      | Noticed Natasha
  4735 | D:4      | Killed Natasha
  4791 | D:4      | Noticed Natasha
  4797 | D:4      | Killed Natasha
  4797 | D:4      | Reached skill level 8 in Unarmed Combat
  5317 | D:5      | Noticed Ijyb
  5328 | D:5      | Killed Ijyb
  5820 | D:5      | Found a staircase to the Ecumenical Temple.
  5829 | Temple   | Entered the Ecumenical Temple
  5988 | Temple   | Became a worshipper of Ru the Awakened
  5993 | Temple   | Gained mutation: You are hated by all. [Ru sacrifice]
  5993 | Temple   | Reached * piety under Ru
  6067 | D:6      | HP: 23/71 [orc warrior/long sword (14)]
  6081 | D:5      | HP: 21/71 [bullfrog (2)]
  6208 | D:5      | Reached skill level 9 in Unarmed Combat
  6236 | D:6      | HP: 28/71 [orc warrior/long sword (9)]
  6238 | D:6      | Reached XP level 9. HP: 30/78 MP: 8/8
  6524 | D:6      | HP: 28/79 [orc priest/divine providence (13)]
  7099 | D:7      | HP: 39/79 [wight/halberd of freezing (3)]
  7194 | D:6      | Reached skill level 10 in Unarmed Combat
  7211 | D:7      | Found a stormy altar of Qazlal.
  7352 | D:7      | Found a glowing silver altar of Zin.
  7398 | D:7      | Noticed a hornet
  7405 | D:7      | HP: 35/80 [hornet (17)]
  7406 | D:7      | Killed a hornet
  7410 | D:7      | Reached skill level 5 in Armour
  7477 | D:7      | Reached XP level 10. HP: 82/88 MP: 9/9
  7509 | D:7      | Found a flagged portal.
  7526 | D:7      | Reached skill level 11 in Unarmed Combat
  7535 | Bailey   | Entered a bailey
  7545 | Bailey   | Noticed an orc knight
  7882 | Bailey   | Gained mutation: Your magical capacity is low. (-10% MP) [Ru sacrifice]
  7882 | Bailey   | Reached ** piety under Ru
  7901 | Bailey   | HP: 41/89 [orc warrior/enchanted war axe (12)]
  7909 | Bailey   | HP: 23/90 [kobold/tomahawk of returning (6)]
  7926 | Bailey   | HP: 40/90 [orc warrior/battleaxe (5)]
  7931 | Bailey   | HP: 38/90 [kobold (4)]
  7985 | Bailey   | HP: 35/90 [orc warrior/enchanted broad axe (25)]
  8052 | Bailey   | HP: 18/89 [orc knight/battleaxe (27)]
  8056 | Bailey   | HP: 1/90 [orc knight/battleaxe (22)]
  8062 | Bailey   | Slain by an orc knight

Skill      XL: |  1  2  3  4  5  6  7  8  9 10 |
---------------+-------------------------------+-----
Dodging        | 3 4 |  4.6
Unarmed Combat | 4 5 6 7 9 10 11 | 11.3
Fighting       | 4 5 6 8 |  8.4
Armour         | 2 3 5 |  5.5
Stealth        | |  2.1

Action                   |  1- 3 |  4- 6 |  7- 9 | 10-12 || total
-------------------------+-------+-------+-------+-------++-------
Melee: Unarmed           |    71 |   169 |   493 |   108 ||   841
       Punch             |     1 |     2 |    11 |     7 ||    21
Throw: Throwing net      |       |       |     5 |       ||     5
Invok: Sacrifice Love    |       |       |     1 |       ||     1
       Sacrifice Essence |       |       |       |     1 ||     1
 Abil: Evoke Flight      |       |       |       |     3 ||     3
Evoke: Wand              |       |       |       |     6 ||     6
  Use: Scroll            |       |    13 |     3 |       ||    16
 Stab: Sleeping          |     1 |     8 |     2 |       ||    11
       Distracted        |       |     1 |       |       ||     1
       Held in net/web   |       |       |     1 |       ||     1
       Paralysed         |       |       |       |     7 ||     7
       Invisible         |       |       |       |     1 ||     1
  Eat: Chunk             |       |    11 |    49 |    22 ||    82
Armor: Robe              |    16 |     8 |       |       ||    24
       Ring mail         |       |     2 |     8 |       ||    10
       Chain mail        |       |       |   131 |       ||   131
       Skin              |       |       |     9 |    12 ||    21
Dodge: Dodged            |    50 |   102 |   212 |   105 ||   469

Vault maps used:
D:1:      lemuel_arrival_rhombus
D:2:      cheibrodos_old_hovel, minitemple, uniq_sigmund
D:3:      nicolae_overflow_hidden_temple, first_ration
D:4:      serial_shops, shop_scrolls, uniq_natasha
D:5:      minmay_temple_entry_poolview, uniq_ijyb, uniq_pikel
D:7:      nicolae_qazlal_style_of_elements, basic_altar, enter_bailey_1,
          nrook_mini_vaults, the_bakery, nicolae_sextant, corexii_hall_statues_s
Temple:   dpeg_five_rooms_temple
Bailey:   bailey_axe_4, bailey
